 Dungeon Sprint DCSS version 0.17-a0-737-gf0a300a (webtiles) character file.

14200 Abraxas the Fencer (level 11, -13/117 HPs)
             Began as a Minotaur Fighter on May 9, 2015.
             Was the Champion of the Shining One.
             Mangled by an ettin
             ... wielding a +0 dire flail
              (15 damage)
             ... in the Dungeon (Sprint IX: "|||||||||||||||||||||||||||||").
             The game lasted 00:06:56 (2144 turns).

Abraxas the Fencer (Minotaur Fighter)               Turns: 2144, Time: 00:06:56

Health: -13/117    AC:  6    Str: 27    XL:     11   Next: 85%
Magic:  10/10      EV: 12    Int:  5    God:    the Shining One [******]
Gold:   1413       SH: 15    Dex: 10    Spells: 0 memorised, 10 levels left

rFire  . . .     SeeInvis .     a - +10 rapier of Compulsion {flame, +Fly rPois}
rCold  . . .     Clarity  .     y - +5 plate armour {ponderous}
rNeg   + + +     SustAb   .     c - +0 shield
rPois  +         Gourm    .     (helmet restricted)
rElec  .         Spirit   .     p - +0 cloak
rCorr  .         Warding  .     E - +1 pair of gloves
rMut   .         NoTele   +     (no boots)
MR     .....                    (no amulet)
Stlth  ..........               s - +2 ring of evasion
                                q - +3 ring of strength

@: corroded equipment, hasted, glowing, very quick, not resistant to hostile
enchantments, extremely unstealthy
A: retaliatory headbutt, horns 2
a: Divine Shield, Cleansing Flame, Summon Divine Warrior, Renounce Religion,
Evoke Flight


You were in the Dungeon.
You worshipped the Shining One.
The Shining One was exalted by your worship.
You were very hungry.

You visited 1 branch You collected 1800 gold pieces.
You spent 387 gold pieces at shops.

Inventory:

Hand weapons
 a - the +10 rapier of Compulsion (weapon) {flame, +Fly rPois}
   (You found it in the Dungeon)

   It has been specially enchanted to burn those struck by it, causing extra
   injury to most foes and up to half again as much damage against particularly
   susceptible opponents.
   It protects you from poison.
   It lets you fly.
 b - a +3 war axe of chopping
 D - a +2 scimitar of protection
Armour
 c - a +0 shield (worn)
 p - a +0 cloak (worn)
 y - a +5 plate armour of ponderousness (worn)
 E - a +1 pair of gloves (worn)
Jewellery
 d - an uncursed ring of protection from fire
 q - a +3 ring of strength (left hand)
 s - a +2 ring of evasion (right hand)
Magical devices
 o - a wand of fire (7)
 B - a wand of fireball (10)
Scrolls
 k - 3 scrolls of blinking
 m - 6 scrolls of remove curse
 n - 2 scrolls of amnesia
 v - 5 scrolls of fog
 F - 2 scrolls of enchant weapon
 G - a scroll of recharging
Potions
 f - 6 potions of curing
 g - a potion of invisibility
 h - a potion of haste
 i - 4 potions of magic
 j - a potion of berserk rage
 l - 6 potions of heal wounds
 r - a potion of agility
 t - a potion of brilliance
 u - a potion of cure mutation
 x - a potion of resistance
 z - a potion of restore abilities
 C - a potion of flight {unknown}
Comestibles
 e - 14 bread rations
 w - 40 fruits
 A - 12 meat rations


   Skills:
 + Level 17.5 Fighting
 + Level 0.4(11.4) Short Blades
 + Level 18.2 Long Blades
 + Level 16.3 Armour
 + Level 4.4 Dodging
 + Level 2.1 Stealth
 + Level 16.5 Shields


You had 10 spell levels left.
You didn't know any spells.

Dungeon Overview and Level Annotations

Branches:
Dungeon (1/1)

Altars:
Cheibriados
Dithmenos
Elyvilon
Fedhas
Gozag
Kikubaaqudgha
Makhleb
Nemelex Xobeh
Okawaru
Qazlal
Ru
Sif Muna
Trog
Vehumet
Xom
Yredelemnul
Zin
The Shining One
Beogh
Jiyva
Lugonu

Shops:
D !}(*


Innate Abilities, Weirdness & Mutations

You reflexively headbutt those who attack you in melee.
You have a pair of horns on your head.


Message History

* * * LOW HITPOINT WARNING * * *
The ettin is engulfed in roaring flames.
The ettin hits you with a dire flail!
* * * LOW HITPOINT WARNING * * *
You block the ettin's attack.
A polar bear comes into view.
Drink which item? (? for menu, Esc to quit)
You feel much better.
You are engulfed in roaring flames.
* * * LOW HITPOINT WARNING * * *
A stone giant comes into view.
Unknown command.
Drink which item? (? for menu, Esc to quit)
You feel much better. The ettin hits you with a dire flail!!!
The Shining One protects you from harm! The ettin hits you with a dire flail!!
* * * LOW HITPOINT WARNING * * *
You see here a giant club.
Drink which item? (? for menu, Esc to quit)
You feel yourself speed up. The ettin hits you with a dire flail!
You die...

▓.▓.▓)▓.▓.▓.▓.▓
▓C▓.▓∩▓.▓.▓.▓(▓
▓h▓.▓.▓.▓.▓.▓'▓
▓T▓.▓∩▓.▓.▓.▓.▓
▓.▓.▓.▓.▓.▓.▓.▓
▓p▓.▓∩▓.▓.▓.▓[▓
▓C▓.▓.▓.▓.▓.▓[▓
▓C▓.▓.▓.▓.▓.▓.▓
▓@▓.▓)▓.▓.▓.▓)▓
▓'▓.▓)▓.▓†▓.▓|▓
▓.▓.▓)▓.▓'▓.▓.▓
▓.▓.▓'▓.▓.▓.▓.▓
▓.▓.▓.▓.▓.▓.▓'▓
▓.▓.▓.▓.▓.▓.▓_▓
▓.▓.▓.▓.▓.▓.▓_▓
▓.▓.▓.▓.▓.▓.▓_▓
▓.▓.▓.▓.▓.▓.▓_▓


You could see a stone giant, an entropy weaver, 2 ettins, a deep troll shaman
and a polar bear.

Vanquished Creatures
  An ettin (D)
  Harold (D)
  A centaur warrior (D)
  A salamander stormcaller (D)
  3 ogre magi (D)
  3 unseen horrors (D)
  A hill giant (D)
  A griffon (D)
  An orc sorcerer (D)
  A rust devil (D)
  A black mamba (D)
  2 komodo dragons (D)
  4 spiny frogs (D)
  A hellwing (D)
  A troll (D)
  3 two-headed ogres (D)
  A trapdoor spider (D)
  A hippogriff (D)
  A yak (D)
  4 wolves (D)
  4 hell hounds (D)
  A wasp (D)
  A water moccasin (D)
  8 orc warriors (D)
  3 porcupines (D)
  7 ogres (D)
  A sky beast (D)
  2 centaurs (D)
  A big kobold (D)
  3 giant frogs (D)
  2 crimson imps (D)
  A hound (D)
  An iguana (D)
  5 orc priests (D)
  5 orc wizards (D)
  A sheep (D)
  A shadow imp (D)
  An adder skeleton (D)
  An adder zombie (D)
  6 orcs (D)
  A bat skeleton (D)
  A giant cockroach (D)
  A giant newt (D)
  A jackal (D)
  4 kobolds (D)
  A rat (D)
97 creatures vanquished.

Vanquished Creatures (others)
  A yaktaur (shapeshifter) (D)
1 creature vanquished.

Grand Total: 98 creatures vanquished

Notes
Turn   | Place    | Note
--------------------------------------------------------------
     0 | D        | Abraxas, the Minotaur Fighter, began the quest for the Orb.
     0 | D        | Reached XP level 1. HP: 19/19 MP: 0/0
     9 | D        | Reached skill level 4 in Fighting
    20 | D        | Noticed a centaur
    20 | D        | Noticed a hound
    20 | D        | Noticed a centaur
    25 | D        | HP: 1/20 [centaur (3)]
    26 | D        | Killed a centaur
    26 | D        | Reached skill level 6 in Fighting
    26 | D        | Reached XP level 2. HP: 1/31 MP: 1/1
    26 | D        | Reached XP level 3. HP: 1/38 MP: 2/2
    26 | D        | Reached XP level 4. HP: 1/45 MP: 3/3
    30 | D        | Killed a hound
    30 | D        | Reached skill level 7 in Fighting
    38 | D        | Killed a centaur
    38 | D        | Reached skill level 8 in Fighting
    38 | D        | Reached XP level 5. HP: 5/56 MP: 4/4
   421 | D        | Found a glowing silver altar of Zin.
   421 | D        | Found a glowing golden altar of the Shining One.
   421 | D        | Found an ancient bone altar of Kikubaaqudgha.
   421 | D        | Found a basalt altar of Yredelemnul.
   421 | D        | Found a shimmering altar of Xom.
   421 | D        | Found a radiant altar of Vehumet.
   421 | D        | Found an iron altar of Okawaru.
   422 | D        | Found a burning altar of Makhleb.
   423 | D        | Found a deep blue altar of Sif Muna.
   424 | D        | Found a bloodstained altar of Trog.
   425 | D        | Became a worshipper of the Shining One
   426 | D        | Found a sparkling altar of Nemelex Xobeh.
   427 | D        | Found a white marble altar of Elyvilon.
   428 | D        | Found a roughly hewn altar of Beogh.
   429 | D        | Found a viscous altar of Jiyva.
   430 | D        | Found a corrupted altar of Lugonu.
   431 | D        | Found a blossoming altar of Fedhas.
   432 | D        | Found a snail-covered altar of Cheibriados.
   433 | D        | Found a shadowy altar of Dithmenos.
   434 | D        | Found a stormy altar of Qazlal.
   435 | D        | Found an opulent altar of Gozag.
   436 | D        | Found a sacrificial altar of Ru.
   484 | D        | Noticed a crimson imp
   484 | D        | Noticed a giant frog
   484 | D        | Acquired the Shining One's first power
   484 | D        | Noticed a sky beast
   485 | D        | Noticed an unseen horror
   493 | D        | Killed an unseen horror
   493 | D        | Reached skill level 10 in Fighting
   493 | D        | Reached skill level 11 in Armour
   493 | D        | Reached XP level 6. HP: 59/67 MP: 5/5
   493 | D        | Reached XP level 7. HP: 64/73 MP: 6/6
   495 | D        | Killed a sky beast
   500 | D        | Killed a giant frog
   504 | D        | Killed a crimson imp
   548 | D        | Acquired the Shining One's second power
   548 | D        | Noticed a troll
   548 | D        | Noticed a crimson imp
   548 | D        | Noticed a centaur warrior
   548 | D        | Noticed a big kobold
   553 | D        | Killed a big kobold
   553 | D        | Reached XP level 8. HP: 82/82 MP: 7/7
   561 | D        | Killed a centaur warrior
   561 | D        | Reached skill level 12 in Fighting
   561 | D        | Reached skill level 13 in Armour
   563 | D        | Killed a crimson imp
   564 | D        | Acquired the Shining One's third power
   569 | D        | Killed a troll
   732 | D        | Noticed a giant frog
   732 | D        | Noticed a porcupine
   732 | D        | Noticed a porcupine
   732 | D        | Noticed a spiny frog
   732 | D        | Noticed an iguana
   732 | D        | Noticed a spiny frog
   732 | D        | Noticed a spiny frog
   736 | D        | Noticed a porcupine
   736 | D        | Acquired the Shining One's fourth power
   737 | D        | Killed a spiny frog
   737 | D        | Reached XP level 9. HP: 83/92 MP: 8/8
   741 | D        | Killed a spiny frog
   741 | D        | Reached skill level 10 in Long Blades
   742 | D        | Noticed a komodo dragon
   745 | D        | Killed an iguana
   745 | D        | Reached skill level 14 in Armour
   752 | D        | Killed a spiny frog
   753 | D        | Killed a porcupine
   755 | D        | Killed a porcupine
   760 | D        | Killed a giant frog
   762 | D        | Killed a porcupine
   767 | D        | Killed a komodo dragon
   767 | D        | Reached skill level 1 in Stealth
   906 | D        | Noticed a komodo dragon
   906 | D        | Noticed a giant frog
   906 | D        | Noticed a black mamba
   906 | D        | Noticed a water moccasin
   906 | D        | Noticed a spiny frog
   906 | D        | Noticed a hippogriff
   911 | D        | Noticed a yak
   911 | D        | Killed a hippogriff
   916 | D        | Noticed a griffon
   916 | D        | Killed a spiny frog
   919 | D        | Killed a black mamba
   919 | D        | Reached XP level 10. HP: 98/104 MP: 9/9
   922 | D        | Killed a water moccasin
   924 | D        | Killed a giant frog
   933 | D        | Killed a komodo dragon
   941 | D        | Killed a yak
   948 | D        | Killed a griffon
   948 | D        | Reached skill level 15 in Fighting
   948 | D        | Reached skill level 15 in Armour
  1062 | D        | Noticed a wolf
  1062 | D        | Noticed a wolf
  1062 | D        | Noticed a hell hound
  1062 | D        | Noticed a hell hound
  1064 | D        | Noticed a hell hound
  1065 | D        | Killed a wolf
  1066 | D        | Noticed a wolf
  1066 | D        | Noticed a wolf
  1067 | D        | Noticed a hell hound
  1071 | D        | Killed a hell hound
  1077 | D        | Killed a hell hound
  1082 | D        | Killed a hell hound
  1090 | D        | Killed a hell hound
  1093 | D        | Killed a wolf
  1097 | D        | Killed a wolf
  1102 | D        | Killed a wolf
  1203 | D        | Noticed Harold
  1215 | D        | Killed Harold
  1353 | D        | Noticed an orc wizard
  1353 | D        | Noticed an orc priest
  1353 | D        | Noticed an orc priest
  1353 | D        | Noticed an ettin
  1353 | D        | Noticed an orc warrior
  1359 | D        | Killed an orc warrior
  1359 | D        | Reached skill level 15 in Long Blades
  1360 | D        | Noticed an orc priest
  1368 | D        | Killed an ettin
  1369 | D        | Noticed an orc wizard
  1370 | D        | Killed an orc priest
  1372 | D        | Noticed an orc priest
  1373 | D        | Killed an orc priest
  1374 | D        | Killed an orc wizard
  1375 | D        | Noticed an orc warrior
  1376 | D        | Noticed an orc priest
  1383 | D        | Killed an orc priest
  1383 | D        | Reached XP level 11. HP: 60/114 MP: 10/10
  1384 | D        | Killed an orc wizard
  1387 | D        | Killed an orc warrior
  1389 | D        | Killed an orc priest
  1390 | D        | Killed an orc priest
  1626 | D        | Noticed an orc warrior
  1626 | D        | Noticed an orc wizard
  1626 | D        | Noticed an orc wizard
  1626 | D        | Noticed an orc warrior
  1626 | D        | Noticed an orc warrior
  1631 | D        | Killed an orc warrior
  1631 | D        | Reached skill level 16 in Fighting
  1631 | D        | Reached skill level 15 in Shields
  1632 | D        | Noticed an orc wizard
  1636 | D        | Killed an orc warrior
  1637 | D        | Noticed an orc sorcerer
  1638 | D        | Noticed an orc warrior
  1638 | D        | Killed an orc wizard
  1642 | D        | Killed an orc warrior
  1643 | D        | Noticed an orc warrior
  1644 | D        | Noticed an orc warrior
  1646 | D        | Killed an orc wizard
  1664 | D        | Killed an orc sorcerer
  1668 | D        | Killed an orc warrior
  1675 | D        | Killed an orc warrior
  1679 | D        | Killed an orc warrior
  1689 | D        | Killed an orc wizard
  1821 | D        | Found Gaucean's General Store.
  1821 | D        | Noticed a two-headed ogre
  1821 | D        | Noticed an ogre
  1821 | D        | Noticed an ogre mage
  1821 | D        | Noticed an ogre
  1821 | D        | Noticed a two-headed ogre
  1821 | D        | Noticed an ogre mage
  1822 | D        | Found Somong's Antique Weapon Shop.
  1822 | D        | Noticed an ogre
  1827 | D        | Noticed an ogre mage
  1828 | D        | Killed an ogre mage
  1830 | D        | Killed a two-headed ogre
  1831 | D        | Noticed an ogre
  1834 | D        | Killed an ogre mage
  1836 | D        | Killed a two-headed ogre
  1837 | D        | Noticed an ogre
  1839 | D        | Killed an ogre
  1841 | D        | Killed an ogre
  1842 | D        | Found Kidex's Gadget Boutique.
  1848 | D        | Killed an ogre mage
  1848 | D        | Reached skill level 17 in Long Blades
  1851 | D        | Killed an ogre
  1853 | D        | Killed an ogre
  1855 | D        | Killed an ogre
  1858 | D        | Found Todghir's Distillery.
  1863 | D        | Noticed a two-headed ogre
  1864 | D        | Noticed an ogre
  1864 | D        | Noticed an ogre
  1869 | D        | Killed a two-headed ogre
  1873 | D        | Killed an ogre
  1877 | D        | Killed an ogre
  1894 | D        | Bought a potion of heal wounds for 65 gold pieces
  1898 | D        | Bought a bloodstained battleaxe for 322 gold pieces
  1903 | D        | Identified the cursed +3 battleaxe of the Onslaught {venom, rPois rC- MR+ SInv} (You bought it in a shop in the Dungeon)
  2034 | D        | Got the +10 rapier of Compulsion {flame, +Fly rPois}
  2111 | D        | Noticed a hill giant
  2111 | D        | Noticed a wasp
  2111 | D        | Noticed an unseen horror
  2111 | D        | Noticed an unseen horror
  2116 | D        | Killed an unseen horror
  2118 | D        | Killed an unseen horror
  2120 | D        | Killed a wasp
  2121 | D        | Noticed a salamander stormcaller
  2123 | D        | Noticed a yaktaur
  2125 | D        | Killed a hill giant
  2125 | D        | Reached skill level 18 in Long Blades
  2127 | D        | Noticed a trapdoor spider
  2127 | D        | Noticed an ettin
  2128 | D        | Noticed an ettin
  2129 | D        | Noticed an entropy weaver
  2130 | D        | Noticed a deep troll shaman
  2132 | D        | Killed a yaktaur
  2134 | D        | Killed a salamander stormcaller
  2137 | D        | Killed a trapdoor spider
  2140 | D        | Noticed a polar bear
  2141 | D        | Noticed a stone giant
  2141 | D        | The Shining One protects you from harm!
  2141 | D        | HP: 1/117 [ettin/dire flail (19)]
  2144 | D        | Mangled by an ettin

Action                   |  1- 3 |  4- 6 |  7- 9 | 10-12 || total
-------------------------+-------+-------+-------+-------++-------
Melee: Long sword        |    14 |    13 |       |       ||    27
       Scimitar          |       |     8 |    77 |   195 ||   280
       Rapier            |       |       |       |    22 ||    22
  Use: Potion            |       |     1 |       |     7 ||     8
       Scroll            |       |       |       |     1 ||     1
  Eat: Chunk             |       |       |       |     3 ||     3
